 Dungeon Crawl Stone Soup version 0.30-a0-42-g806c11bf1d (webtiles) character file.

Game seed: 16758337619305136653

48 BritishOli the Trooper (level 3, 29/29 HPs)
             Began as a Demonspawn Fighter on Aug 30, 2022.
             Got out of the dungeon alive.
             The game lasted 00:01:21 (1783 turns).

BritishOli the Trooper (Demonspawn Fighter)         Turns: 1783, Time: 00:01:21

Health: 29/29      AC:  7    Str: 18    XL:     3   Next: 50%
Magic:  3/3        EV:  9    Int:  9    God:
Gold:   118        SH:  8    Dex: 12    Spells: 2/2 levels left

rFire   . . .      SeeInvis .    a - +0 long sword
rCold   . . .      Faith    .    c - +0 buckler
rNeg    . . .      Spirit   .    b - +0 scale mail
rPois   .          Reflect  .    h - +0 helmet
rElec   .          Harm     .    (no cloak)
rCorr   .          Rampage  .    (no gloves)
Will    .....                    (no boots)
Stlth   ..........               (no amulet)
HPRegen 0.09/turn                (no ring)
MPRegen 0.08/turn                (no ring)

@: no status effects
A: powered by pain 1, condensation shield
a: no special abilities


You escaped.
You visited 1 branch of the dungeon, and saw 2 of its levels.

You collected 118 gold pieces.

Inventory:

Hand Weapons
 a - a +0 long sword (weapon)
Armour
 b - a +0 scale mail (worn)
 c - a +0 buckler (worn)
 h - a +0 helmet (worn)
Jewellery
 n - a ring of positive energy
Scrolls
 e - a scroll of fog {unknown}
 f - a scroll of identify {unknown}
 g - a scroll of teleportation {unknown}
 i - a scroll of silence {unknown}
 j - a scroll of noise {unknown}
 k - a scroll of immolation {unknown}
Potions
 d - a potion of might
 l - a potion of degeneration {unknown}
 m - a potion of curing {unknown}


   Skills:
 + Level 3.6 Fighting
 + Level 2.5 Long Blades
 - Level 3.0 Armour
 - Level 3.0 Shields


You had 2 spell levels left.
You didn't know any spells.
Your spell library contained the following spells:

 Spells                   Type           Power      Damage    Failure   Level
 Freeze                   Ice            0%         1d3       86%         1
 Frozen Ramparts          Ice            0%         1d1       99%         3
 Hailstorm                Conj/Ice       0%         3d3       100%        4


Dungeon Overview and Level Annotations

Branches:
Dungeon (2/15)

Altars:


Innate Abilities, Weirdness & Mutations

You sometimes gain a little power by taking damage.
A meltable shield of frost defends you. (SH +4)


Message History

You kill the adder!
m - a clear potion No target in view!
n - a ring of positive energy No target in view!
Found 6 stones.
No target in view!
You see here 6 stones.
Found a mace.
No target in view!
No target in view!
No target in view!
Okay, then.
You see here 6 stones.
You see here a +0 leather armour.
There is a stone staircase leading up here.
There is a stone staircase leading up here.
(D) Dungeon
Where to? (Enter - D:2 @ (x,y), ? - help)
There is a stone staircase leading up here.
You climb upwards.
There is a stone staircase leading down here.
You see here a +0 leather armour.
There is a stone staircase leading down here.
You see here a +0 whip.
You see here 8 stones.
There is an open door here.
Things that are here:
a +0 dagger; a +0 club
There is an open door here.
You see here a +0 leather armour.
Things that are here:
a +0 dagger; a goblin skeleton
Things that are here:
a +0 dagger; a goblin skeleton You see here a +0 leather armour.
There is an open door here.
There is a staircase leading out of the dungeon here.
Are you sure you want to leave the Dungeon?
This will make you lose the game!
You have escaped!

##############......#
....†...............##
##############.......##
#........## #
####.####..## ####
#####≈≈≈.≈§§##..# ...#
##...'.≈§≈≈≈.+...# ##.##
##..###≈.....≈###.# #..#
#...###≈≈.@.≈≈# #.#
###.###.#.(.#≈.....≈###.#
.....).)###.).≈≈≈≈≈.'.#.#
........# ###≈≈≈.≈≈≈#...#
.......># ####.######.#
........# #.#.#.# #.#
........# #.#...# #.#
....[...# #.###.#
#.######## ##..##### #.#
#.# #.##.....##


There were no monsters in sight!

Vanquished Creatures
  An adder (D:2)
  A worm (D:2)
  3 endoplasms
  2 giant cockroaches (D:1)
  8 goblins (D:1)
  4 hobgoblins (D:1)
  2 quokkas (D:1)
  3 ball pythons
  4 frilled lizards (D:1)
  2 kobolds (D:1)
  3 rats
33 creatures vanquished.

Notes
Turn   | Place    | Note
-------+----------+-------------------------------------------
     0 | D:1      | BritishOli the Demonspawn Fighter began the quest for the
                  | Orb.
     0 | D:1      | Reached XP level 1. HP: 18/18 MP: 1/1
    33 | D:1      | Gained mutation: A meltable shield of frost defends you.
                  | (SH +4) [demonic ancestry]
    33 | D:1      | Reached XP level 2. HP: 22/24 MP: 2/2
   773 | D:1      | Gained mutation: You sometimes gain a little power by
                  | taking damage. [demonic ancestry]
   773 | D:1      | Reached XP level 3. HP: 25/29 MP: 3/3
  1783 | D:$      | Got out of the dungeon alive.

Illustrated notes

Levels and vault maps discovered:
D:1:      ncdulo_lavacross, layout_rooms
D:2:      layout_loops_ring

Skill      XL: |  1  2 |
---------------+-------+-----
Long Blades    | 2 |  2.5
Armour         | 3 |  3.0
Shields        | 3 |  3.0
Fighting       | |  3.6

Action                   || total
-------------------------++-------
Melee: Long sword        ||   114
Armor: Scale mail        ||    60
Dodge: Dodged            ||    47
Block: Buckler           ||    43

Table legend: (Time is in decaauts)
 A = Elapsed time spent in this place.
 B = Non-inter-level travel time spent in this place.
 C = Inter-level travel time spent in this place.
 D = Time resting spent in this place.
 E = Time spent auto-exploring this place.
 F = Levels seen in this place.
 G = Mean time per level.
                   A        B        C        D        E       F      G
               +--------+--------+--------+--------+--------+-----+--------+
         Total |   1821 |   1536 |    285 |    347 |    923 |   2 |  910.5 |
       Dungeon |   1821 |   1536 |    285 |    347 |    923 |   2 |  910.5 |
               +--------+--------+--------+--------+--------+-----+--------+

Top non-repeatable levels by time:
     D:1: 1185 daAuts
     D:2: 636 daAuts
